 Dungeon Crawl Stone Soup version 0.28-a0-474-g535839065c (webtiles) character file.

Game seed: 239574848755429190

987 meatgazer the Agent of Entropy (level 7, -12/56 HPs)
             Began as a Demonspawn Abyssal Knight on Sept 15, 2021.
             Was a Priest of Lugonu.
             Mangled by Duvessa (14 damage)
             ... on level 4 of the Dungeon.
             The game lasted 00:07:37 (5218 turns).

meatgazer the Agent of Entropy (DsAK)               Turns: 5218, Time: 00:07:37

Health: -12/56     AC:  8    Str: 14    XL:     7   Next: 97%
Magic:  13/13      EV: 15    Int: 13    God:    Lugonu [***...]
Gold:   144        SH:  0    Dex: 19    Spells: 6/6 levels left

rFire   + . .      SeeInvis .   l - +5 scythe (vorpal)
rCold   . . .      Faith    .   (shield currently unavailable)
rNeg    + . .      Spirit   .   b - +1 leather armour
rPois   .          Reflect  .   n - +0 helmet
rElec   .          Harm     .   (no cloak)
rCorr   .          Rampage  .   (no gloves)
Will    .....                   (no boots)
Stlth   +.........              (no amulet)
HPRegen 0.18/turn               f - ring "Ponuigum" {rF+ rN+ Dex+6}
MPRegen 0.13/turn               h - +4 ring of evasion

@: no status effects
A: icy blue scales 2, ignite blood 1
a: Renounce Religion, Depart the Abyss, Bend Space, Banish


You were on level 4 of the Dungeon.
You worshipped Lugonu.
Lugonu was most pleased with you.
You visited 1 branch of the dungeon, and saw 5 of its levels.
You visited the Abyss 1 time.

You collected 144 gold pieces.

Inventory:

Hand Weapons
 a - a +1 spear
 l - a +5 vorpal scythe (weapon)
Armour
 b - a +1 leather armour (worn)
 n - a +0 helmet (worn)
Magical Staves
 q - a staff of conjuration
Jewellery
 f - the ring "Ponuigum" (left hand) {rF+ rN+ Dex+6}
   (You found it on level 2 of the Abyss)

   [ring of dexterity]

   Dex:       It affects your dexterity (+6).
   rF:        It protects you from fire.
   rN:        It protects you from negative energy.
 h - a +4 ring of evasion (right hand)
 k - a ring of see invisible
Wands
 i - a wand of flame (19)
 m - a wand of charming (9)
 r - a wand of paralysis (18)
Scrolls
 d - a scroll of fear
 p - 2 scrolls of teleportation
Potions
 c - a potion of cancellation {unknown}
 e - 4 potions of curing
 g - a potion of mutation {unknown}
 o - a potion of flight {unknown}
 t - a potion of haste


   Skills:
 + Level 5.5 Fighting
 + Level 4.4 Polearms
 - Level 2.0 Armour
 - Level 0.8 Dodging
 * Level 8.7 Invocations


You had 6 spell levels left.
You didn't know any spells.
Your spell library contained the following spells:

 Spells                   Type           Power      Damage    Failure   Level
 Passage of Golubria      Tloc           N/A        N/A       98%         4
 Silence                  Hex/Air        0%         N/A       100%        5
 Lehudib's Crystal Spear  Conj/Erth      0%         10d2      100%        8


Dungeon Overview and Level Annotations

Branches:
Dungeon (5/15)
 Temple: D:4-7

Altars:
Cheibriados

Annotations:
D:4 Duvessa


Innate Abilities, Weirdness & Mutations

You are mostly covered in icy blue scales. (AC +3)
Your demonic aura sometimes causes spilled blood to erupt in flames.


Message History

You kill the iguana!
Lugonu accepts your kill.
No target in view!
Dowan, Brother of Duvessa comes into view.
He is wielding a +1 dagger of flaming.
Found a metallic dark potion.
You see here an iguana corpse.
Duvessa, Sister of Dowan comes into view.
She is wielding a +0 short sword and carrying a wand of flame (17).
Duvessa shouts!
Your extra speed is starting to run out.
There is an escape hatch in the ceiling here.
You reach to attack!
You miss Dowan. Dowan gestures at you while chanting.
The puff of flame hits you. You resist.
You reach to attack!
You slash Dowan!
Dowan is heavily wounded.
You feel your willpower return.
You hit Dowan.
Dowan is severely wounded.
Dowan closely misses you. Duvessa hits you with a +0 short sword.
Dowan barely misses you.
You barely miss Dowan.
Dowan is severely wounded.
You feel yourself slow down. Duvessa hits you but does no damage.
Dowan hits you with a +1 dagger of flaming.
Duvessa zaps a wand.
The puff of flame misses you.
You slash Dowan!
You kill Dowan!
Lugonu accepts your kill.
Duvessa weeps, then rights herself and shakes her weapon.
Duvessa goes berserk!
Duvessa hits you with a +0 short sword! x2
You are too injured to fight recklessly!
Duvessa hits you but does no damage. Duvessa completely misses you.
A mysterious force pulls you upwards. The hatch slams shut behind you.
You are too injured to fight recklessly!
You barely miss Duvessa.
Duvessa hits you with a +0 short sword. x2
You hit Duvessa but do no damage. Duvessa hits you with a +0 short sword!
* * * LOW HITPOINT WARNING * * *
Duvessa hits you with a +0 short sword!
You die...

#.##.......).......#.#
#.##.#############.#>#
#.##.# #.#.# #.##.#
#.#.# #####.##.# #.#..
########.....#..####
#)#..
#......(...........#
#.#..
#.######.#####...#.#
#.#.. #.#....#.#
#.e@#.# #.#..
#......#.# #..○#.#
#.#†. #.#.####.#
#...#.# #.#.#
###.####.# #...#.#
#.#.# #....#.# #...#)#
#.#.# ####.#.#
#...#)##########.#.#
#.#.#
#...#............#.#
#.#.#
#...##############.#
#.#.#
#.........<........#


You could see Duvessa (berserk).

Vanquished Creatures
  Grinder (D:4)
  Sigmund (D:3)
  Menkaure (D:4)
  A phantom (D:4)
  Dowan (D:5)
  A howler monkey (D:4)
  An orc priest (D:4)
  A jelly (D:4)
  Ijyb (D:4)
  2 iguanas (D:5)
  2 orc wizards (D:4)
  Robin (D:4)
  A howler monkey skeleton (D:4)
  6 adders
  2 worms
  2 dart slugs (D:3)
  19 orcs
  3 endoplasms
  11 goblins
  5 hobgoblins
  7 jackals
  5 kobolds
  4 quokkas
  5 ball pythons
  4 bats
  2 frilled lizards
  6 rats
96 creatures vanquished.

Notes
Turn   | Place    | Note
-------+----------+-------------------------------------------
     0 | Abyss:1  | meatgazer the Demonspawn Abyssal Knight began the quest for
                  | the Orb.
     0 | Abyss:1  | Reached XP level 1. HP: 18/18 MP: 2/2
   111 | Abyss:2  | Identified the ring "Ponuigum" {rF+ rN+ Dex+6}
   121 | Abyss:2  | Noticed a large abomination
   122 | D:1      | Escaped the Abyss
   663 | D:1      | Reached * piety under Lugonu
   664 | D:1      | Gained mutation: Your demonic aura sometimes causes spilled
                  | blood to erupt in flames. [demonic ancestry]
   664 | D:1      | Reached XP level 2. HP: 24/24 MP: 3/3
  1047 | D:1      | Found a faded altar of an unknown god.
  1341 | D:2      | Reached skill level 3 in Invocations
  1452 | D:2      | Found a snail-covered altar of Cheibriados.
  1516 | D:2      | Gained mutation: You are partially covered in icy blue
                  | scales. (AC +2) [demonic ancestry]
  1516 | D:2      | Reached XP level 3. HP: 20/29 MP: 5/5
  1982 | D:3      | Noticed Sigmund
  1986 | D:3      | Killed Sigmund
  1987 | D:3      | Reached skill level 5 in Invocations
  1987 | D:3      | Gained mutation: You are mostly covered in icy blue scales.
                  | (AC +3) [demonic ancestry]
  1987 | D:3      | Reached XP level 4. HP: 34/37 MP: 5/7
  1987 | D:3      | Reached XP level 5. HP: 39/42 MP: 5/8
  2818 | D:3      | Reached ** piety under Lugonu
  3372 | D:4      | Noticed Ijyb
  3378 | D:4      | Killed Ijyb
  3379 | D:4      | Reached XP level 6. HP: 46/49 MP: 10/10
  3481 | D:4      | Reached skill level 6 in Invocations
  3872 | D:4      | Noticed Menkaure
  3883 | D:4      | Killed Menkaure
  3884 | D:4      | Reached skill level 7 in Invocations
  3884 | D:4      | Reached XP level 7. HP: 18/55 MP: 12/12
  4195 | D:4      | Noticed Robin
  4203 | D:4      | Killed Robin
  4576 | D:4      | Reached skill level 5 in Fighting
  4691 | D:4      | Noticed Grinder
  4710 | D:4      | Killed Grinder
  4711 | D:4      | Reached skill level 8 in Invocations
  4907 | D:4      | Reached *** piety under Lugonu
  5196 | D:5      | Entered Level 5 of the Dungeon
  5205 | D:5      | Noticed Dowan
  5206 | D:5      | Noticed Duvessa
  5214 | D:5      | Killed Dowan
  5218 | D:4      | HP: 2/56 [Duvessa (17)]
  5218 | D:4      | Mangled by Duvessa

Illustrated notes

Levels and vault maps discovered:
D:1:      dpeg_arrival_round_a, layout_loops_ring,
          shapermc_ecumenical_altar_mp_urbaneastern
D:2:      layout_rooms, basic_altar
D:3:      layout_loops_ring, uniq_sigmund
D:4:      layout_basic, kennysheep_generic_room_4, uniq_ijyb, uniq_menkaure,
          uniq_grinder, uniq_robin
D:5:      layout_loops_ring, minmay_temple_entry_mist, saegor_snake_ambush,
          uniq_duvessa

Skill      XL: |  1  2  3  4  5  6  7 |
---------------+----------------------+-----
Armour         | 2 |  2.0
Polearms       | 2 3 4 |  4.4
Invocations    | 3 5 7 8 |  8.7
Fighting       | 4 5 |  5.5
Dodging        | |  0.8

Action                   |  1- 3 |  4- 6 |  7- 9 || total
-------------------------+-------+-------+-------++-------
Melee: Spear             |    84 |    17 |       ||   101
       Scythe            |       |   103 |    71 ||   174
Invok: Depart the Abyss  |     1 |       |       ||     1
  Use: Scroll            |     3 |     2 |     4 ||     9
       Potion            |       |     1 |     1 ||     2
 Stab: Sleeping          |     6 |     3 |     1 ||    10
Armor: Leather armour    |     4 |    36 |    23 ||    63
Dodge: Dodged            |    27 |   106 |    64 ||   197

Table legend: (Time is in decaauts)
 A = Elapsed time spent in this place.
 B = Non-inter-level travel time spent in this place.
 C = Inter-level travel time spent in this place.
 D = Time resting spent in this place.
 E = Time spent auto-exploring this place.
 F = Levels seen in this place.
 G = Mean time per level.
                   A        B        C        D        E       F      G
               +--------+--------+--------+--------+--------+-----+--------+
         Total |   5337 |   5158 |    179 |   2144 |   2276 |   7 |  762.4 |
       Dungeon |   5216 |   5037 |    179 |   2144 |   2175 |   5 | 1043.2 |
         Abyss |    121 |    121 |      0 |      0 |    101 |   2 |   60.5 |
               +--------+--------+--------+--------+--------+-----+--------+

Top non-repeatable levels by time:
     D:4: 1933 daAuts
     D:3: 1407 daAuts
     D:1: 1128 daAuts
     D:2: 729 daAuts
 Abyss:2: 69 daAuts
 Abyss:1: 52 daAuts
     D:5: 17 daAuts
